 Dungeon Crawl Stone Soup version 0.32-a0-7-ge934b4519a (webtiles) character file.

Game seed: 13144182400679605217

14 browni3141 the Grasshopper (level 2, 0/17 HPs)
             Began as a Gargoyle Warper on Jan 13, 2024.
             Killed from afar by Dowan (11 damage)
             ... with a puff of flame
             ... on level 4 of the Dungeon.
             The game lasted 00:10:49 (1218 turns).

browni3141 the Grasshopper (Gargoyle Warper)        Turns: 1218, Time: 00:10:50

Health: 0/17       AC: 12    Str: 14    XL:     2   Next: 41%
Magic:  3/5        EV: 10    Int: 13    God:
Gold:   64         SH:  0    Dex:  9    Spells: 3/5 levels left

rFire   . . .        n - +8 Vampire's Tooth {megavamp}
rCold   . . .        (no shield)
rNeg    + . .        e - +0 ring mail
rPois   ∞            p - +0 helmet
rElec   +            r - +2 cloak
rCorr   .            (no gloves)
SInv    .            (no boots)
Will    .....        m - amulet of the acrobat Stlth
                     (no ring)
HPRegen 0.22/turn    (no ring)
MPRegen 0.09/turn

%: acrobat
@: no status effects
A: sickness immunity, AC +2, negative energy resistance 1, electricity
resistance, torment resistance 1, petrification resistance
a: no special abilities


You were on level 4 of the Dungeon.
You visited 1 branch of the dungeon, and saw 4 of its levels.

You collected 64 gold pieces.

Inventory:

Hand Weapons
 a - a +0 mace
 n - the +8 Vampire's Tooth (weapon) {megavamp}
   (You found it on level 2 of the Dungeon)
Missiles
 d - 7 darts of dispersal (quivered)
Armour
 b - a +0 leather armour
 e - a +0 ring mail (worn)
 p - a +0 helmet (worn)
 r - a +2 cloak (worn)
Jewellery
 m - an amulet of the acrobat (around neck)
 o - a ring of protection from fire
Scrolls
 c - a scroll of blinking
 i - 2 scrolls of identify {unknown}
 q - a scroll of vulnerability {unknown}
 s - a scroll of fog {unknown}
Potions
 f - a potion of enlightenment {unknown}
 g - a potion of heal wounds {unknown}
 h - a potion of mutation {unknown}
 j - a potion of ambrosia {unknown}
 k - a potion of attraction {unknown}
 l - a potion of haste {unknown}


   Skills:
 - Level 2.1 Fighting
 - Level 2.0 Maces & Flails
 - Level 0.8 Throwing
 - Level 1.1 Armour
 - Level 1.5 Dodging
 - Level 2.0 Spellcasting
 * Level 3.4 Translocations


You had 3 spell levels left.
You knew the following spells:

 Your Spells              Type           Power      Damage    Failure   Level
a - Blink                 Tloc           20%        N/A       19%         2

Your spell library contained the following spells:

 Spells                   Type           Power      Damage    Failure   Level
 Lesser Beckoning         Tloc           20%        N/A       19%         2
 Teleport Other           Tloc           10%        N/A       36%         3
 Manifold Assault         Tloc           10%        N/A       77%         4
 Vhi's Electric Charge    Tloc/Air       10%        N/A       95%         4


Dungeon Overview and Level Annotations

Branches:
Dungeon (4/15)
 Temple: D:4-7

Altars:

Shops:
D:1 (   D:2 [

Annotations:
D:4 Dowan, Duvessa


Innate Abilities, Weirdness & Mutations

You are immune to sickness and miasma.
Your stone body is resilient. (AC +2)
You are immune to poison.
You resist negative energy. (rN+)
You are resistant to electric shocks. (rElec)
You are resistant to unholy torment.
You are immune to petrification.


Message History

The kobold completely misses you.
There is an open door here.
Duvessa and Dowan come into view.
Duvessa shouts!
Dowan shouts!
The ball python barely misses you. The ball python completely misses you.
Duvessa says, "My weaknesses are his strengths!"
The kobold misses you.
Casting: Blink (safe; 19% risk of failure)
Confirm with . or Enter, or press ? or * to list all spells.
You blink.
Unknown command.
You barely miss Duvessa. You puncture Duvessa!
Duvessa is lightly wounded.
Duvessa closely misses you.
Unknown command.
You hit Duvessa but do no damage. x2
Duvessa is lightly wounded.
Dowan hits you but does no damage. Duvessa barely misses you.
You barely miss Duvessa. You hit Duvessa.
Duvessa is moderately wounded.
Dowan hits you but does no damage. Duvessa hits you but does no damage.
You hit Duvessa but do no damage. x2
Duvessa is moderately wounded.
The ball python closely misses you. x2; The kobold hits you with a +0 club.
Dowan hits you but does no damage. Duvessa hits you with a +0 short sword.
The ball python bites you but does no damage.
The ball python grabs you. The ball python constricts you.
Unknown command.
You escape the ball python's grasp.
You feel ready to blink again.
The kobold throws a stone.
The stone misses you. Duvessa hits you but does no damage.
Unknown command.
You puncture Duvessa! You hit Duvessa but do no damage.
Duvessa is heavily wounded.
Dowan barely misses you. Duvessa barely misses you.
Dowan gestures at you while chanting. The puff of flame hits you!
Ouch! That really hurt!
You die...

#.# #<# ####.#####
##+## #........#
##...##
#.##.###.###.....##
# ##.# #.##.......##
#...##.#.........#
........'.....S...+
.#...##.#.....e@..#
#.##.###.##....e..##
# ## #.###...K.##
..# ##...## ###
##+##


You could see Duvessa, Dowan, a ball python and a kobold.

Vanquished Creatures
  A ball python (D:1)
  2 endoplasms (D:1)
  2 goblins (D:1)
  A hobgoblin (D:1)
  2 jackals
  2 quokkas (D:1)
  A frilled lizard (D:1)
11 creatures vanquished.

Notes
Turn   | Place    | Note
-------+----------+-------------------------------------------
     0 | D:1      | browni3141 the Gargoyle Warper began the quest for the Orb.
     0 | D:1      | Reached XP level 1. HP: 12/12 MP: 3/3
    79 | D:1      | Reached skill level 3 in Translocations
   236 | D:1      | Reached XP level 2. HP: 12/17 MP: 5/5
   239 | D:1      | Learned a level 2 spell: Blink
   433 | D:1      | Found Risepnyts's Weapon Emporium.
   784 | D:2      | Found the +8 Vampire's Tooth {megavamp}
   998 | D:2      | Found Cihavu Xamui's Armour Boutique.
  1211 | D:4      | Noticed Duvessa
  1211 | D:4      | Noticed Dowan
  1218 | D:4      | Killed from afar by Dowan

Illustrated notes

Levels and vault maps discovered:
D:1:      dpeg_arrival_simpleton_c, layout_rooms, serial_shops,
          nicolae_shop_bloodbath_and_beyond, minivault_26, dk_noncrumbling_2
D:2:      minmay_angry_zag, layout_loops_ring,
          ebering_ecumenical_altar_abandoned, serial_shops, shop
D:3:      layout_basic, mainiacjoe_overflow_catwalk, vehumet_crystals,
          cheibriados_altar_1, serial_shops, nicolae_shop_tiny_waterfront
D:4:      layout_loops_corners, nicolae_underground_beach, uniq_blork_the_orc,
          uniq_duvessa

Skill      XL: |  1 |
---------------+----+-----
Translocations | 3 |  3.4
Fighting       | |  2.1
Maces & Flails | |  2.0
Throwing       | |  0.8
Armour         | |  1.1
Dodging        | |  1.5
Spellcasting   | |  2.0

Action                     || total
---------------------------++-------
  Melee: Mace              ||    22
         Quick blade       ||    20
   Cast: Blink             ||    15
 Armour: Leather armour    ||     6
         Ring mail         ||   179
  Dodge: Dodged            ||   439

Table legend: (Time is in decaauts)
 A = Elapsed time spent in this place.
 B = Non-inter-level travel time spent in this place.
 C = Inter-level travel time spent in this place.
 D = Time resting spent in this place.
 E = Time spent auto-exploring this place.
 F = Levels seen in this place.
 G = Mean time per level.
                   A        B        C        D        E       F      G
               +--------+--------+--------+--------+--------+-----+--------+
         Total |   1230 |   1230 |      0 |     94 |    219 |   4 |  307.5 |
       Dungeon |   1230 |   1230 |      0 |     94 |    219 |   4 |  307.5 |
               +--------+--------+--------+--------+--------+-----+--------+

Top non-repeatable levels by time:
     D:1: 750 daAuts
     D:2: 409 daAuts
     D:3: 54 daAuts
     D:4: 16 daAuts
